 Dungeon Crawl Stone Soup version 0.30-a0-585-g93115170b9 (webtiles) character file.

Game seed: 1836314519878666622

48264 porpoise the Nimble (level 14, -18/107 (109) HPs)
             Began as a Gnoll Wanderer on Jan 2, 2023.
             Was a High Priest of Sif Muna.
             Demolished by a dire elephant simulacrum (33 damage)
             ... on level 5 of the Lair of Beasts.
             The game lasted 01:57:09 (22225 turns).

porpoise the Nimble (Gnoll Wanderer)               Turns: 22225, Time: 01:57:10

HP:   -18/107 (109) AC: 18    Str: 15    XL:     14   Next: 45%
MP:   30/37         EV: 13    Int: 17    God:    Sif Muna [*****.]
Gold: 951           SH:  6    Dex: 14    Spells: 8/33 levels left

rFire   . . .      SeeInvis .    b - +4 war axe "Ahuidyet" {holy, Str+2 Int+4}
rCold   . . .      Faith    .    K - +0 buckler
rNeg    . . .      Spirit   .    r - +3 acid dragon scales
rPois   +          Reflect  .    z - +1 hat
rElec   .          Harm     .    i - +0 cloak "Lizxoxiy" {Regen+}
rCorr   +          Rampage  .    e - +0 pair of gloves
Will    +....                    q - +2 pair of boots
Stlth   ++++                     d - amulet of the acrobat
HPRegen 1.17/turn                A - ring of magical power
MPRegen 0.25/turn                m - ring of poison resistance

@: constricted, lightly drained
A: fangs 1, strong nose, distributed training
a: Renounce Religion, Channel Magic, Forget Spell, Divine Exegesis


You were on level 5 of the Lair of Beasts.
You worshipped Sif Muna.
Sif Muna was extremely pleased with you.
You visited 2 branches of the dungeon, and saw 16 of its levels.
You also visited: Bailey.

You collected 1067 gold pieces.
You spent 116 gold pieces at shops.

Inventory:

Hand Weapons
 a - a +1 quick blade of venom
 b - the +4 war axe "Ahuidyet" (weapon) {holy, Str+2 Int+4}
   (You found it on level 9 of the Dungeon)

   It has been blessed by the Shining One to cause great damage to the undead
   and demons.
   Str:       It affects your strength (+2).
   Int:       It affects your intelligence (+4).
 w - a +4 trident
Missiles
 c - 2 throwing nets
 g - 6 poisoned darts (quivered)
 C - 6 atropa-tipped darts
 G - 5 javelins
 H - 2 boomerangs
Armour
 e - a +0 pair of gloves (worn)
 i - the +0 cloak "Lizxoxiy" (worn) {Regen+}
   (You found it on level 11 of the Dungeon)

   Regen:     It increases your rate of health regeneration.
 q - a +2 pair of boots (worn)
 r - +3 acid dragon scales (worn)
 z - a +1 hat (worn)
 F - the +1 scale mail "Kurohup" {+Blink}
   (You found it on level 5 of the Lair of Beasts)

   +Blink:    It lets you blink.
 K - a +0 buckler (worn)
Jewellery
 d - an amulet of the acrobat (around neck)
 m - a ring of poison resistance (right hand)
 p - an amulet of faith
 A - a ring of magical power (left hand)
 I - a ring of ice
 J - an amulet of reflection
 R - the ring of Fasterph {Fly rElec rN+ rCorr Int-3 Stlth+}
   (You found it on level 5 of the Lair of Beasts)

   [ring of flight]

   Int:       It affects your intelligence (-3).
   rElec:     It insulates you from electricity.
   rN:        It protects you from negative energy.
   Fly:       It grants you flight.
   rCorr:     It protects you from acid and corrosion.
   Stlth:     It makes you more stealthy.
Wands
 t - a wand of flame (42)
 M - a wand of paralysis (10)
 O - a wand of iceblast (13)
 P - a wand of mindburst (7)
 T - a wand of polymorph (12)
Scrolls
 h - 3 scrolls of vulnerability
 k - a scroll of blinking {unknown}
 l - 2 scrolls of silence {unknown}
 n - a scroll of immolation
 s - 3 scrolls of enchant weapon
 v - 6 scrolls of poison
 y - a scroll of enchant armour
 L - 2 scrolls of fog
 N - 4 scrolls of teleportation
 Q - 2 scrolls of magic mapping
 S - a scroll of identify
Potions
 f - 2 potions of haste
 j - a potion of resistance
 o - a potion of cancellation
 u - 4 potions of attraction
 x - 2 potions of lignification
 B - 5 potions of curing
 D - a potion of heal wounds
 E - a potion of magic {unknown}


   Skills:
 + Level 9.9 Fighting
 + Level 9.6 Short Blades
 + Level 9.6 Long Blades
 + Level 9.6 Axes
 + Level 9.6 Maces & Flails
 + Level 9.6 Polearms
 + Level 9.9 Staves
 + Level 9.6 Ranged Weapons
 + Level 9.6 Throwing
 + Level 9.6 Armour
 + Level 11.5 Dodging
 + Level 9.6 Stealth
 + Level 9.6 Shields
 + Level 9.6 Unarmed Combat
 + Level 10.0 Spellcasting
 + Level 8.0 Conjurations
 + Level 8.0 Hexes
 + Level 8.0 Summonings
 + Level 8.0 Necromancy
 + Level 8.0 Translocations
 + Level 8.0 Transmutations
 + Level 8.0 Fire Magic
 + Level 8.0 Ice Magic
 + Level 8.0 Air Magic
 + Level 8.0 Earth Magic
 + Level 10.7 Poison Magic
 + Level 10.4 Invocations
 + Level 9.6 Evocations


You had 8 spell levels left.
You knew the following spells:

 Your Spells              Type           Power      Damage    Failure   Level
a - Animate Armour        Summ/Erth      70%        N/A       4%          4
b - Poisonous Vapours     Pois/Air       80%        N/A       1%          2
c - Call Canine Familiar  Summ           35%        N/A       1%          3
f - Flame Wave            Conj/Fire      35%        2d10      4%          4
i - Ignite Poison         Fire/Tmut/Pois 38%        N/A       1%          3
k - Blink                 Tloc           70%        N/A       1%          2
m - Mephitic Cloud        Conj/Pois/Air  38%        N/A       1%          3
r - Cigotuvi's Dreadful   Necr/Pois/Air  76%        N/A       1%          2
w - Wereblood             Tmut           35%        N/A       1%          2

Your spell library contained the following spells:

 Spells                   Type           Power      Damage    Failure   Level
 Beastly Appendage        Tmut           70%        N/A       1%          1
 Kiss of Death            Conj/Necr      100%       2d13      1%          1
 Sting                    Tmut/Pois      100%       1d8       1%          1
 Call Imp                 Summ           35%        N/A       1%          2
 Scorch                   Fire           70%        2d8       1%          2
 Static Discharge         Conj/Air       70%        2-5/arc   1%          2
 Confusing Touch          Hex            35%        N/A       1%          3
 Frozen Ramparts          Ice            70%        1d11      1%          3
 Portal Projectile        Hex/Tloc       70%        N/A       1%          3
 Spider Form              Tmut/Pois      40%        N/A       1%          3
 Stone Arrow              Conj/Erth      70%        3d11      1%          3
 Dispel Undead            Necr           35%        3d15      4%          4
 Fulminant Prism          Conj/Hex       17%        3d10      4%          4
 Iskenderun's Mystic Bla  Conj/Tloc      35%        2d8       4%          4
 Leda's Liquefaction      Hex/Erth       17%        N/A       4%          4
 Manifold Assault         Tloc           35%        N/A       4%          4
 Sticky Flame             Conj/Fire      35%        2d5       4%          4
 Blade Hands              Tmut           17%        N/A       14%         5
 Fireball                 Conj/Fire      17%        3d9       14%         5
 Freezing Cloud           Conj/Ice/Air   17%        6-21      14%         5
 Lightning Bolt           Conj/Air       17%        1d32      14%         5
 Summon Forest            Summ/Tloc      17%        N/A       14%         5
 Summon Mana Viper        Hex/Summ       35%        N/A       14%         5
 Conjure Ball Lightning   Conj/Air       17%        3x3d6     61%         6
 Iron Shot                Conj/Erth      17%        9d4       61%         6
 Starburst                Conj/Fire      17%        6d6       61%         6
 Summon Cactus Giant      Summ           17%        N/A       61%         6
 Haunt                    Necr/Summ      17%        N/A       99%         7
 Monstrous Menagerie      Summ           17%        N/A       99%         7
 Storm Form               Tmut/Air       17%        N/A       99%         7
 Discord                  Hex            17%        N/A       100%        8
 Disjunction              Tloc           17%        N/A       100%        8


Dungeon Overview and Level Annotations

Branches:
Dungeon (11/15)            Temple (0/1) D:5            Lair (5/5) D:11
 Shoals (0/4) Lair:2        Snake (0/4) Lair:2        Slime (0/5) Lair:5
    Orc (0/2) D:9          Bailey (visited)

Altars:
Elyvilon
Nemelex Xobeh
Ru
Sif Muna
Trog
Uskayaw
Wu Jian
Yredelemnul

Shops:
D:2 ?   D:6 (   D:8 :   D:9 !

Annotations:
D:7 floor vault - dangerous
D:8 exclusion: upstairs
D:10 Dig
D:11 3 runed translucent doors, wormed's ghost, journeyman AtFi
Lair:2 2 transporters, 1 runed translucent door, Usinnox's ghost, journeyman MiFi
Lair:5 2 runed translucent doors, exclusion: obsidian statue


Innate Abilities, Weirdness & Mutations

You have very sharp teeth.
Your uncanny sense of smell can sniff out nearby items.
Your experience applies equally to all skills.


Message History

The dire elephant closely misses you.
The dire elephant trunk-slaps you but does no damage.
You hit the dire elephant but do no damage.
The dire elephant is severely wounded.
You hit the dire elephant but do no damage.
The dire elephant is severely wounded.
The dire elephant tramples you!!
You hold your ground!
The dire elephant trunk-slaps you.
Casting: Ignite Poison (safe; 1% risk of failure)
Confirm with . or Enter, or press ? or * to list all spells.
You ignite the poison in your surroundings!
The dire elephant seems to burn from within!!!
You kill the dire elephant!
Sif Muna accepts your kill.
A freezing mist starts to gather...
A dire elephant simulacrum comes into view.
Unknown command.
Unknown command.
Unknown command.
Your +1 quick blade of venom stops dripping with poison.
You feel stronger.
You feel clever.
The +4 war axe "Ahuidyet" {holy, Str+2 Int+4} softly glows with a divine radiance!
b - the +4 war axe "Ahuidyet" (weapon)
{holy, Str+2 Int+4} You block the spectral anaconda's attack.
The spectral anaconda barely misses you.
You slash the dire elephant simulacrum!
The dire elephant simulacrum convulses!
The dire elephant simulacrum is moderately damaged.
You hit the spectral anaconda but do no damage.
The spectral anaconda closely misses you.
The spectral anaconda bites you but does no damage.
The spectral anaconda grabs you.
The spectral anaconda closely misses you.
The spectral anaconda constricts you.
The dire elephant simulacrum tramples you!
* * * LOW HITPOINT WARNING * * *
You are held in place!
The dire elephant simulacrum trunk-slaps you.
* * * LOW HITPOINT WARNING * * *
The dire elephant simulacrum freezes you!!
You die...

♣♣.. #8.8##..........P
#♣..P #...##.........<†
#.P.# #...##.P......#..
#..## #..P##.P.....####
##..P#####...##.......##
#...##8..'..P#♣........#
##...'..######P........#
∆ #...)..Z.# ♣.......Y.#
#P.(####@# ♣...#......#
#.P.'.P#Z##♣...#P..##.#
###.'..#P.#♣...#...#
###.
###..##.##....#..###...
#...#.###P.)#...#.#.#
#8Y8#..P#♣.P.........
##p####.##.P.........
#Y. #..#.......###. ..~≈
##†#^#P.....#..


You could see a spectral anaconda and a dire elephant simulacrum.

Vanquished Creatures
  Gastronok (D:8)
  2 dire elephants (Lair:5)
  Harold (Lair:2)
  2 two-headed ogres
  A spectral dire elephant (Lair:5)
  2 spectral death yaks (Lair:5)
  A skeletal warrior (D:9)
  An orc knight (Bailey)
  3 necromancers (Lair:5)
  A deep elf pyromancer (Bailey)
  A cyclops (D:11)
  3 black mambas
  10 elephants
  2 torpor snails
  19 cane toads
  3 rime drakes
  An unseen horror (D:11)
  Maggie (D:7)
  6 komodo dragons
  A kobold demonologist (D:11)
  A yaktaur (D:9)
  A troll (D:10)
  3 hornets
  Prince Ribbit (D:5)
  3 polar bears
  A snapping turtle (Lair:2)
  A spectral elephant (Lair:5)
  9 dream sheep
  17 blink frogs
  A culicivora (shapeshifter) (D:9)
  38 yaks
  A slime creature (D:9)
  4 wyverns
  2 shadows
  3 wraiths
  6 basilisks
  A vampire (D:11)
  Grum (D:9)
  4 steam dragons
  3 vampire mosquitoes (D:10)
  2 nagas (Lair:2)
  10 water moccasins
  An acid dragon (D:8)
  6 orc warriors
  2 sky beasts
  An ice beast (D:5)
  5 black bears
  13 wolves
  3 elephant skeletons (Lair:5)
  7 centaurs
  A phantom (D:5)
  12 bullfrogs
  7 scorpions
  5 necrophages
  3 gnoll sergeants
  A water moccasin zombie (D:4)
  12 wights (D:8)
  3 jellies
  13 killer bees
  2 elephant simulacra (Lair:5)
  5 howler monkeys
  A bullfrog zombie (D:4)
  3 orc priests
  A gnoll bouda (D:9)
  4 hounds
  3 iguanas
  8 orc wizards
  2 hound zombies (D:4)
  7 gnolls
  4 adders
  2 white imps
  A worm (D:1)
  3 dart slugs
  25 orcs
  4 ball pythons
  8 endoplasms
  2 giant cockroaches (D:4)
  9 goblins
  5 hobgoblins
  4 quokkas
  2 bats (D:2)
  2 frilled lizards (D:3)
  A jackal zombie (D:4)
  8 kobolds
  4 rats
390 creatures vanquished.

Vanquished Creatures (collateral kills)
  2 hydras (Lair:4)
  A water moccasin (Lair:4)
  An endoplasm (Lair:5)
4 creatures vanquished.

Vanquished Creatures (others)
  14 fungi
  18 plants
  25 withered plants (Lair:5)
57 creatures vanquished.

Grand Total: 451 creatures vanquished

Notes
Turn   | Place    | Note
-------+----------+-------------------------------------------
     0 | D:1      | porpoise the Gnoll Wanderer began the quest for the Orb.
     0 | D:1      | porpoise set off with the following items: a +0
                  | quarterstaff, a +0 pair of gloves, a potion of berserk
                  | rage, a +0 robe; and the following spell memorised: Sting;
                  | and the following spells available to memorise: Poisonous
                  | Vapours, Cigotuvi's Dreadful Rot.
     0 | D:1      | Reached XP level 1. HP: 17/17 MP: 4/4
   482 | D:1      | Reached XP level 2. HP: 23/23 MP: 5/5
   921 | D:2      | Found Ithrops's Magic Scroll Boutique.
  1112 | D:2      | Reached XP level 3. HP: 25/28 MP: 7/7
  1163 | D:2      | Reached skill level 1 in Invocations
  1432 | D:2      | Reached skill level 1 in Short Blades
  1432 | D:2      | Reached skill level 1 in Long Blades
  1432 | D:2      | Reached skill level 1 in Axes
  1432 | D:2      | Reached skill level 1 in Maces & Flails
  1432 | D:2      | Reached skill level 1 in Polearms
  1432 | D:2      | Reached skill level 1 in Ranged Weapons
  1432 | D:2      | Reached skill level 1 in Throwing
  1432 | D:2      | Reached skill level 1 in Armour
  1432 | D:2      | Reached skill level 1 in Stealth
  1432 | D:2      | Reached skill level 1 in Shields
  1432 | D:2      | Reached skill level 1 in Unarmed Combat
  1432 | D:2      | Reached skill level 1 in Evocations
  1432 | D:2      | You fall into a shaft and drop 2 floors!
  1516 | D:2      | Reached XP level 4. HP: 26/34 MP: 8/8
  1930 | D:3      | Found a faded altar of an unknown god.
  1989 | D:3      | Reached skill level 1 in Conjurations
  1989 | D:3      | Reached skill level 1 in Hexes
  1989 | D:3      | Reached skill level 1 in Summonings
  1989 | D:3      | Reached skill level 1 in Necromancy
  1989 | D:3      | Reached skill level 1 in Translocations
  1989 | D:3      | Reached skill level 1 in Transmutations
  1989 | D:3      | Reached skill level 1 in Fire Magic
  1989 | D:3      | Reached skill level 1 in Ice Magic
  1989 | D:3      | Reached skill level 1 in Air Magic
  1989 | D:3      | Reached skill level 1 in Earth Magic
  2227 | D:3      | Found a shimmering blue altar of Sif Muna.
  2357 | D:3      | Became a worshipper of Sif Muna the Loreminder
  2377 | D:3      | Identified the +1 leather armour of Suagraqe {Rampage}
  2393 | D:3      | Learned a level 2 spell: Poisonous Vapours
  2691 | D:4      | Reached XP level 5. HP: 34/40 MP: 9/9
  2763 | D:4      | Found a basalt altar of Yredelemnul.
  2912 | D:4      | Noticed an orc warrior
  2930 | D:4      | Reached XP level 6. HP: 45/47 MP: 8/11
  3490 | D:4      | Killed an orc warrior
  3730 | D:4      | Noticed a steam dragon
  3749 | D:4      | Killed a steam dragon
  3750 | D:4      | Reached skill level 7 in Dodging
  3750 | D:4      | Reached XP level 7. HP: 19/52 MP: 9/12
  3896 | D:4      | Learned a level 2 spell: Blink
  3899 | D:4      | Learned a level 2 spell: Wereblood
  4109 | D:4      | Found a white marble altar of Elyvilon.
  4109 | D:4      | Found an ornate altar of the Wu Jian Council.
  4110 | D:4      | Found a hide-covered altar of Uskayaw.
  4110 | D:4      | Found a sacrificial altar of Ru.
  4116 | D:4      | Reached * piety under Sif Muna
  4762 | D:5      | Entered Level 5 of the Dungeon
  4888 | D:5      | Reached XP level 8. HP: 49/60 MP: 14/14
  5061 | D:5      | Found a staircase to the Ecumenical Temple.
  5277 | D:5      | Noticed Prince Ribbit
  5296 | D:5      | Killed Prince Ribbit
  5633 | D:5      | Identified a scroll of acquirement
  5633 | D:5      | Acquired the Spellbook of Incandescence and Combat Magic
  5639 | D:5      | Learned a level 3 spell: Ignite Poison
  6212 | D:6      | Found Caodweud's Antique Weapon Emporium.
  6319 | D:6      | Reached XP level 9. HP: 65/67 MP: 10/16
  6412 | D:6      | Reached skill level 5 in Spellcasting
  6873 | D:6      | Reached skill level 5 in Fighting
  6873 | D:6      | Reached skill level 5 in Staves
  7051 | D:7      | Noticed Maggie
  7055 | D:7      | Killed Maggie
  7157 | D:7      | Reached skill level 8 in Dodging
  7234 | D:7      | Reached skill level 5 in Invocations
  7879 | D:7      | Reached ** piety under Sif Muna
  8394 | D:8      | Noticed Gastronok
  8411 | D:8      | Killed Gastronok
  8412 | D:8      | Reached skill level 5 in Short Blades
  8412 | D:8      | Reached skill level 5 in Long Blades
  8412 | D:8      | Reached skill level 5 in Axes
  8412 | D:8      | Reached skill level 5 in Maces & Flails
  8412 | D:8      | Reached skill level 5 in Polearms
  8412 | D:8      | Reached skill level 5 in Ranged Weapons
  8412 | D:8      | Reached skill level 5 in Throwing
  8412 | D:8      | Reached skill level 5 in Armour
  8412 | D:8      | Reached skill level 5 in Stealth
  8412 | D:8      | Reached skill level 5 in Shields
  8412 | D:8      | Reached skill level 5 in Unarmed Combat
  8412 | D:8      | Reached skill level 5 in Evocations
  8412 | D:8      | Reached XP level 10. HP: 47/76 MP: 1/19
  8550 | D:8      | Found Cuann's Book Emporium.
  8641 | D:8      | Learned a level 3 spell: Call Canine Familiar
  8672 | D:8      | Noticed a two-headed ogre
  8687 | D:8      | Killed a two-headed ogre
  9633 | D:7      | Noticed a two-headed ogre
 10344 | D:9      | Found a sparkling altar of Nemelex Xobeh.
 10352 | D:9      | Noticed Grum
 10366 | D:9      | Killed Grum
 10372 | D:9      | Reached skill level 9 in Dodging
 10394 | D:9      | Reached skill level 5 in Conjurations
 10394 | D:9      | Reached skill level 5 in Hexes
 10394 | D:9      | Reached skill level 5 in Summonings
 10394 | D:9      | Reached skill level 5 in Necromancy
 10394 | D:9      | Reached skill level 5 in Translocations
 10394 | D:9      | Reached skill level 5 in Transmutations
 10394 | D:9      | Reached skill level 5 in Fire Magic
 10394 | D:9      | Reached skill level 5 in Ice Magic
 10394 | D:9      | Reached skill level 5 in Air Magic
 10394 | D:9      | Reached skill level 5 in Earth Magic
 10400 | D:9      | Reached XP level 11. HP: 30/83 MP: 10/21
 10647 | D:9      | Identified the +4 war axe "Ahuidyet" {holy, Str+2 Int+4}
 10945 | D:9      | Found Paprahiv's Distillery.
 10952 | D:9      | Bought a potion of heal wounds for 60 gold pieces
 11126 | D:2      | Bought a scroll of identify for 28 gold pieces
 11126 | D:2      | Bought a scroll of identify for 28 gold pieces
 11267 | D:9      | Found a staircase to the Orcish Mines.
 11524 | D:9      | Found a bloodstained altar of Trog.
 12036 | D:9      | Noticed a two-headed ogre
 12042 | D:9      | Killed a two-headed ogre
 12150 | D:9      | Reached *** piety under Sif Muna
 12525 | D:9      | Noticed a skeletal warrior
 12525 | D:9      | Noticed a fire crab
 12526 | D:9      | a fire crab changed into a culicivora
 12538 | D:9      | Killed a skeletal warrior
 13352 | D:10     | Entered Level 10 of the Dungeon
 13358 | D:10     | Learned a level 4 spell: Flame Wave
 13439 | D:10     | Noticed a cyan ugly thing
 13440 | D:10     | Noticed a six-headed hydra
 13796 | D:10     | Found a flagged portal.
 13814 | Bailey   | Entered a bailey
 13889 | Bailey   | Learned a level 2 spell: Cigotuvi's Dreadful Rot
 13900 | Bailey   | Found a large runed translucent door.
 13900 | Bailey   | Found a large runed translucent door.
 13901 | Bailey   | Noticed a deep elf pyromancer
 13902 | Bailey   | Noticed an orc knight
 13936 | Bailey   | Killed an orc knight
 14155 | Bailey   | Killed a deep elf pyromancer
 14318 | D:10     | Reached XP level 12. HP: 91/91 MP: 13/23
 14923 | D:11     | Reached **** piety under Sif Muna
 15433 | D:11     | Reached skill level 10 in Dodging
 15608 | D:11     | Found a staircase to the Lair.
 15649 | D:11     | Found a runed translucent gate.
 15650 | D:11     | Noticed wormed's ghost (journeyman AtFi)
 15652 | D:11     | Found a runed translucent gate.
 15652 | D:11     | Noticed a ten-headed hydra
 15652 | D:11     | Noticed a nine-headed hydra
 15654 | D:11     | Found a runed translucent gate.
 15754 | D:11     | Identified the +0 cloak "Lizxoxiy" {Regen+}
 15960 | Lair:1   | Entered Level 1 of the Lair of Beasts
 17178 | Lair:2   | Noticed Harold
 17188 | Lair:2   | Killed Harold
 17198 | Lair:2   | Reached XP level 13. HP: 99/99 MP: 16/25
 17344 | Lair:2   | Found a staircase to the Snake Pit.
 17528 | Lair:2   | Reached skill level 10 in Poison Magic
 17544 | Lair:2   | Found a transporter.
 17584 | Lair:2   | Reached ***** piety under Sif Muna
 17638 | Lair:2   | Learned a level 4 spell: Animate Armour
 17905 | Lair:2   | Found a transporter.
 18131 | Lair:2   | Found a staircase to the Shoals.
 18279 | Lair:2   | Found a runed translucent door.
 18279 | Lair:2   | Noticed Usinnox's ghost (journeyman MiFi)
 18282 | Lair:2   | Identified the +6 spear "Ehonn" {venom, rPois Str-4 Dex+6}
 18457 | Lair:3   | Received a gift from Sif Muna
 18458 | Lair:3   | Got Sif Muna's Parchment of Niveous Illusion {god gift}
 19788 | Lair:4   | Reached skill level 11 in Dodging
 20591 | Lair:5   | Entered Level 5 of the Lair of Beasts
 21015 | Lair:5   | Reached XP level 14. HP: 81/108 MP: 24/27
 21022 | Lair:5   | Reached skill level 10 in Invocations
 21112 | Lair:5   | Found a staircase to the Slime Pits.
 21427 | Lair:5   | Found a large runed translucent door.
 21429 | Lair:5   | Found a large runed translucent door.
 21470 | Lair:5   | Found a sacrificial altar of Ru.
 21547 | Lair:5   | Noticed a dire elephant
 21547 | Lair:5   | Noticed a dire elephant
 21584 | Lair:5   | Received a gift from Sif Muna
 21585 | Lair:5   | Got Ageics's Verses on Bruises {god gift}
 21590 | Lair:5   | Learned a level 3 spell: Mephitic Cloud
 21887 | Lair:5   | Identified the +1 scale mail "Kurohup" {+Blink}
 21891 | Lair:5   | Identified the ring of Fasterph {Fly rElec rN+ rCorr Int-3
                  | Stlth+}
 22136 | Lair:5   | Killed a dire elephant
 22137 | Lair:5   | Reached skill level 10 in Spellcasting
 22223 | Lair:5   | Killed a dire elephant
 22225 | Lair:5   | Demolished by a dire elephant simulacrum

Illustrated notes

Levels and vault maps discovered:
D:1:      matt_arrival_diagonals, layout_basic, nicolae_wormholes
D:2:      layout_loops_cross, serial_shops, shop_scrolls,
          kennysheep_big_empty_room, minmay_octomino_j4
D:3:      layout_basic, old_standard_altar, chequers_ecumenical_altar_island
D:4:      layout_gridville, nicolae_yredelemnul_corpse_copse,
          chequers_temple_overflow_statue_of_worship
D:5:      layout_basic, minmay_temple_entry_gardened_gates, uniq_prince_ribbit1
D:6:      layout_loops_ring, nicolae_stop_n_shop_1, bh_walls_and_bars
D:7:      minmay_klotski, layout_loops_ring, uniq_maggie
D:8:      layout_basic, serial_shops, shop, uniq_gastronok
D:9:      nzn_winding_woodlands_stair_cross
          [nzn_winding_woodlands_5x15_sidewinder,
          nzn_winding_woodlands_center_diamonds,
          nzn_winding_woodlands_5x15_river_crossing,
          nzn_winding_woodlands_5x5_perimeter, nzn_winding_woodlands_hourglass,
          nzn_winding_woodlands_5x15_crooked,
          nzn_winding_woodlands_center_lodge,
          nzn_winding_woodlands_5x15_default], layout_cave_pods,
          trog_ov_bears_minmay, nemelex_diamond_rough_becter, orc_0_dummy,
          serial_shops, nicolae_diamond_shop, uniq_grum
D:10:     layout_loops_cross, enter_bailey_4, grunt_decor_arrowhead,
          lightli_corner_chamber
D:11:     layout_basic, david_lair_generic, gammafunk_ghost_hydra_chop,
          grunt_ministairs_10
Lair:1:   layout_regular_city, st_stairs_6, grunt_megastairs_2
Lair:2:   gammafunk_worm_tunnel, layout_long_grid, minmay_shoals_entry_hut,
          guppyfry_snake_entry_garden, ebering_ghost_funeral_grove,
          serial_bayou_pond_b, roderic_carrion_pond, uniq_harold
Lair:3:   layout_roguey
Lair:4:   layout_cave_pods, lemuel_fruit_tree
Lair:5:   due_jungle_book, layout_gridlike, nicolae_slime_entry_slimehenge,
          ebering_ghost_disaster_area, basic_altar, minivault_27

Skill      XL: |  1  2  3  4  5  6  7  8  9 10 11 12 13 14 |
---------------+-------------------------------------------+-----
Invocations    | 1 2 3 4 5 6 7 8 9 10 | 10.4
Short Blades   | 1 2 3 5 6 7 8 9 |  9.6
Long Blades    | 1 2 3 5 6 7 8 9 |  9.6
Axes           | 1 2 3 5 6 7 8 9 |  9.6
Maces & Flails | 1 2 3 5 6 7 8 9 |  9.6
Polearms       | 1 2 3 5 6 7 8 9 |  9.6
Ranged Weapons | 1 2 3 5 6 7 8 9 |  9.6
Throwing       | 1 2 3 5 6 7 8 9 |  9.6
Armour         | 1 2 3 5 6 7 8 9 |  9.6
Stealth        | 1 2 3 5 6 7 8 9 |  9.6
Shields        | 1 2 3 5 6 7 8 9 |  9.6
Unarmed Combat | 1 2 3 5 6 7 8 9 |  9.6
Evocations     | 1 2 3 5 6 7 8 9 |  9.6
Spellcasting   | 3 4 6 7 8 9 10 | 10.0
Conjurations   | 1 2 3 4 5 6 7 8 |  8.0
Hexes          | 1 2 3 4 5 6 7 8 |  8.0
Summonings     | 1 2 3 4 5 6 7 8 |  8.0
Necromancy     | 1 2 3 4 5 6 7 8 |  8.0
Translocations | 1 2 3 4 5 6 7 8 |  8.0
Transmutations | 1 2 3 4 5 6 7 8 |  8.0
Fire Magic     | 1 2 3 4 5 6 7 8 |  8.0
Ice Magic      | 1 2 3 4 5 6 7 8 |  8.0
Air Magic      | 1 2 3 4 5 6 7 8 |  8.0
Earth Magic    | 1 2 3 4 5 6 7 8 |  8.0
Fighting       | 3 4 6 7 8 9 |  9.9
Staves         | 3 4 6 7 8 9 |  9.9
Dodging        | 7 8 9 10 11 | 11.5
Poison Magic   | 8 9 10 | 10.7

Action                   |  1- 3 |  4- 6 |  7- 9 | 10-12 | 13-15 || total
-------------------------+-------+-------+-------+-------+-------++-------
Melee: Quarterstaff      |    83 |   155 |   151 |       |       ||   389
       Bite              |    12 |    18 |    40 |    94 |   102 ||   266
       Flail             |       |       |    70 |       |       ||    70
       Whip              |       |       |    85 |    84 |       ||   169
       Punch             |       |       |     3 |    21 |       ||    24
       Trident           |       |       |       |   123 |    18 ||   141
       War axe           |       |       |       |   164 |   130 ||   294
       Quick blade       |       |       |       |   220 |   484 ||   704
 Fire: Sling             |       |     6 |    18 |     5 |       ||    29
Throw: Dart              |       |     2 |    12 |     8 |    27 ||    49
       Javelin           |       |       |       |     1 |     4 ||     5
       Boomerang         |       |       |       |       |     7 ||     7
       Throwing net      |       |       |       |       |     1 ||     1
 Cast: Sting             |     5 |     1 |     1 |       |       ||     7
       Poisonous Vapours |       |     9 |    59 |    66 |    20 ||   154
       Blink             |       |       |     1 |       |     2 ||     3
       Ignite Poison     |       |       |    17 |    60 |    84 ||   161
       Wereblood         |       |       |     1 |       |       ||     1
       Call Canine Famil |       |       |       |     5 |     6 ||    11
       Cigotuvi's Dreadf |       |       |       |     1 |     2 ||     3
       Animate Armour    |       |       |       |       |     4 ||     4
Evoke: Wand              |       |       |       |     1 |     1 ||     2
  Use: Scroll            |     3 |     3 |     8 |    11 |     3 ||    28
       Potion            |       |     2 |     2 |     8 |       ||    12
 Stab: Sleeping          |     3 |     2 |       |     8 |     7 ||    20
       Distracted        |       |       |     1 |       |     1 ||     2
       Invisible         |       |       |       |     3 |       ||     3
Armor: Robe              |     2 |       |       |       |       ||     2
       Ring mail         |    13 |       |       |       |       ||    13
       Leather armour    |       |    47 |    72 |       |       ||   119
       Acid dragon scale |       |       |    31 |   221 |   174 ||   426
Dodge: Dodged            |    48 |   107 |   228 |   451 |   332 ||  1166
Block: Buckler           |       |       |       |    77 |   111 ||   188

Table legend: (Time is in decaauts)
 A = Elapsed time spent in this place.
 B = Non-inter-level travel time spent in this place.
 C = Inter-level travel time spent in this place.
 D = Time resting spent in this place.
 E = Time spent auto-exploring this place.
 F = Levels seen in this place.
 G = Mean time per level.
                   A        B        C        D        E       F      G
               +--------+--------+--------+--------+--------+-----+--------+
         Total |  21826 |  20906 |    920 |   6741 |   9635 |  17 | 1283.9 |
       Dungeon |  15543 |  14780 |    763 |   5195 |   6833 |  11 | 1413.0 |
          Lair |   5852 |   5696 |    156 |   1417 |   2801 |   5 | 1170.4 |
        Bailey |    430 |    430 |      0 |    129 |      0 |   1 |  430.0 |
               +--------+--------+--------+--------+--------+-----+--------+

Top non-repeatable levels by time:
     D:9: 2686 daAuts
     D:8: 2216 daAuts
     D:4: 2114 daAuts
     D:5: 1451 daAuts
  Lair:2: 1412 daAuts
  Lair:4: 1354 daAuts
  Lair:5: 1306 daAuts
     D:7: 1246 daAuts
    D:11: 1182 daAuts
     D:3: 1031 daAuts
    D:10: 956 daAuts
     D:1: 915 daAuts
  Lair:1: 901 daAuts
     D:6: 882 daAuts
  Lair:3: 878 daAuts
